 Dungeon Crawl Stone Soup version 0.31-a0-965-g8a8ce12e04 (webtiles) character file.

Game seed: 2688737655334519896

4656 MachoJfn the Fighter (level 10, -8/129 HPs)
             Began as a Demonspawn Berserker on Oct 20, 2023.
             Was a Priest of Trog.
             Mangled by a skeletal warrior
             ... wielding a +0 trident
              (16 damage)
             ... on level 6 of the Dungeon on Oct 26, 2023.
             The game lasted 00:18:20 (6276 turns).

MachoJfn the Fighter (Demonspawn Berserker)         Turns: 6276, Time: 00:18:21

Health: -8/129     AC: 14    Str: 21    XL:     10   Next: 20%
Magic:  0/10       EV:  9    Int: 15    God:    Trog [***...]
Gold:   346        SH:  4    Dex: 15    Spells: 9/9 levels left

rFire   . . .        a - +2 hand axe (drain)
rCold   . . .        (no shield)
rNeg    . . .        e - +0 chain mail
rPois   .            (no helmet)
rElec   .            (no cloak)
rCorr   .            k - +2 pair of gloves
SInv    .            (no boots)
Will    .....        (no amulet) Stlth
                     q - +6 ring of intelligence
HPRegen 0.41/turn    (no ring)
MPRegen 0.24/turn

%: guardian spirit
@: berserking, very quick
A: thin skeletal structure 1, magic shield, magic regeneration, condensation
shield, demonic touch 2
a: Renounce Religion, Berserk, Trog's Hand


You were on level 6 of the Dungeon.
You worshipped Trog.
Trog was most pleased with you.
You visited 1 branch of the dungeon, and saw 7 of its levels.
You also visited: Sewer.

You collected 346 gold pieces.

Inventory:

Hand Weapons
 a - a +2 hand axe of draining (weapon)
Missiles
 h - 62 stones
Armour
 e - a +0 chain mail (worn)
 k - a +2 pair of gloves (worn)
Jewellery
 q - a +6 ring of intelligence (left hand)
Wands
 b - a wand of polymorph (9)
 d - a wand of roots (18)
 n - a wand of flame (26)
Scrolls
 g - 2 scrolls of revelation
 m - a scroll of teleportation
 r - 2 scrolls of identify
Potions
 c - 3 potions of curing
 f - a potion of cancellation
 i - a potion of enlightenment
 j - 4 potions of might
 l - 3 potions of mutation {unknown}
 o - 2 potions of lignification
 p - a potion of attraction


   Skills:
 + Level 10.5 Fighting
 + Level 10.4 Axes
 + Level 9.3 Armour
 - Level 2.2 Dodging
 - Level 0.4 Stealth
 - Level 0.1 Shields
 - Level 0.2 Evocations


You had 9 spell levels left.
You didn't know any spells.
Your spell library was empty.

Dungeon Overview and Level Annotations

Branches:
Dungeon (7/15)              Sewer (visited)
 Temple: D:4-7

Altars:


Innate Abilities, Weirdness & Mutations

You have a somewhat thin skeletal structure. (Dex +2, Stealth+)
When hurt, damage is shared between your health and your magic reserves.
You regenerate magic rapidly.
A meltable shield of frost defends you. (SH +4)
Your touch may inflict irresistible damage on your foes.


Message History

The skeletal warrior hits you with a +0 trident!
The orc hits you but does no damage.
You completely miss the skeletal warrior.
You touch the skeletal warrior!
The skeletal warrior is moderately damaged.
You slash the orc!
You kill the orc!
Trog accepts your kill.
You feel better.
The skeletal warrior hits you with a +0 trident!
A red film seems to cover your vision as you go berserk!
You feel yourself moving faster!
You feel mighty!
The skeletal warrior hits you with a +0 trident!!
You hit the skeletal warrior. Your touch misses the skeletal warrior.
The skeletal warrior is moderately damaged.
You slash the skeletal warrior!
The skeletal warrior is heavily damaged.
The skeletal warrior hits you from afar with a +0 glaive!!
* * * LOW HITPOINT WARNING * * *
You closely miss the skeletal warrior.
The skeletal warrior is heavily damaged.
The skeletal warrior hits you with a +0 trident!
* * * LOW HITPOINT WARNING * * *
You hit the skeletal warrior but do no damage.
You touch the skeletal warrior!
The skeletal warrior is heavily damaged.
The skeletal warrior hits you from afar with a +0 glaive.
* * * LOW HITPOINT WARNING * * *
Okay, then.
You hit the skeletal warrior.
The skeletal warrior is heavily damaged.
The skeletal warrior hits you but does no damage.
You hit the skeletal warrior but do no damage.
The skeletal warrior is heavily damaged.
The skeletal warrior hits you from afar with a +0 glaive!
* * * LOW HITPOINT WARNING * * *
You slice the skeletal warrior!!
The skeletal warrior is almost destroyed.
The skeletal warrior hits you with a +0 trident!
You die...

#.#.............
#.#...#.......#.
...^..#.......#.
#.##..#....##.#. #
#.##..#<.†..#.#.
#.#####.##..#.....#.#.
#.#........#..#.......#.
......)z....>.#.#######.
#.#..z.@).....#.........
#.########.###########
o. ...................
.z ######..###########
#..# #..# #..# #..# ....


You could see 2 skeletal warriors.

Vanquished Creatures
  A skeletal warrior (D:7)
  A wraith (D:5)
  2 steam dragons (D:5)
  2 water moccasins
  A bullfrog (D:4)
  4 scorpions
  4 hounds
  An orc priest (D:7)
  A gnoll bouda (D:4)
  Ijyb (D:5)
  2 iguanas
  3 orc wizards
  5 gnolls (D:5)
  8 adders
  5 river rats (Sewer)
  2 worms (D:4)
  2 dart slugs
  9 orcs
  5 endoplasms
  A giant cockroach (D:2)
  5 goblins
  5 hobgoblins
  8 jackals
  5 quokkas
  6 ball pythons
  8 bats
  3 frilled lizards
  11 kobolds
  7 rats
118 creatures vanquished.

Notes
Turn   | Place    | Note
-------+----------+-------------------------------------------
     0 | D:1      | MachoJfn the Demonspawn Berserker began the quest for the
                  | Orb.
     0 | D:1      | Reached XP level 1. HP: 18/18 MP: 1/1
   620 | D:1      | Gained mutation: Your touch may inflict minor irresistible
                  | damage on your foes. [demonic ancestry]
   620 | D:1      | Reached XP level 2. HP: 21/24 MP: 2/2
  1052 | D:2      | Identified the +0 leather armour of the Skiapode {Harm}
  1140 | D:2      | Gained mutation: You regenerate magic rapidly. [demonic
                  | ancestry]
  1140 | D:2      | Reached XP level 3. HP: 29/29 MP: 3/3
  1936 | D:3      | Reached ** piety under Trog
  2011 | D:3      | Gained mutation: A meltable shield of frost defends you.
                  | (SH +4) [demonic ancestry]
  2011 | D:3      | Reached XP level 4. HP: 32/36 MP: 4/4
  2416 | D:4      | Noticed a bullfrog
  2423 | D:4      | Killed a bullfrog
  2424 | D:4      | Gained mutation: Your touch may inflict irresistible damage
                  | on your foes. [demonic ancestry]
  2424 | D:4      | Reached XP level 5. HP: 42/42 MP: 5/5
  2687 | D:4      | Upgraded the game from 0.31-a0-940-gdaa99269f9 to
                  | 0.31-a0-965-g8a8ce12e04
  2827 | D:4      | Noticed a water moccasin
  2837 | D:4      | Killed a water moccasin
  2838 | D:4      | Reached XP level 6. HP: 48/48 MP: 6/6
  4193 | D:5      | Entered Level 5 of the Dungeon
  4225 | D:4      | Gained mutation: When hurt, damage is shared between your
                  | health and your magic reserves. [demonic ancestry]
  4225 | D:4      | Reached XP level 7. HP: 40/55 MP: 7/7
  4338 | D:5      | Found a glowing drain.
  4353 | Sewer    | Entered a sewer
  4368 | Sewer    | Reached *** piety under Trog
  4707 | Sewer    | Reached skill level 5 in Axes
  5098 | D:5      | Noticed Ijyb
  5111 | D:5      | Killed Ijyb
  5245 | D:5      | Noticed a wraith
  5263 | D:5      | Killed a wraith
  5264 | D:5      | Reached skill level 5 in Fighting
  5264 | D:5      | Reached skill level 5 in Armour
  5333 | D:4      | Reached XP level 8. HP: 69/69 MP: 8/8
  5334 | D:4      | Reached skill level 10 in Fighting
  5334 | D:4      | Reached skill level 10 in Axes
  5334 | D:4      | Reached XP level 9. HP: 79/79 MP: 9/9
  5672 | D:5      | Gained mutation: You have a somewhat thin skeletal
                  | structure. (Dex +2, Stealth+) [demonic ancestry]
  5672 | D:5      | Reached XP level 10. HP: 67/86 MP: 8/10
  6011 | D:6      | Noticed a skeletal warrior
  6077 | D:6      | Noticed a skeletal warrior
  6116 | D:7      | Killed a skeletal warrior
  6256 | D:6      | Noticed a skeletal warrior
  6276 | D:6      | Mangled by a skeletal warrior

Illustrated notes

Levels and vault maps discovered:
D:1:      dpeg_arrival_round_c, layout_basic
D:2:      layout_basic
D:3:      layout_rooms, hangedman_decor_push
D:4:      minmay_razor_zed, layout_layer_cave, kennysheep_little_box
D:5:      kennysheep_steamy, layout_basic, cheibrodos_sewer_entry_sluice,
          minmay_fountain_box, st_stairs_14, chequers_jeans, uniq_ijyb
D:6:      layout_basic, serial_shops, nicolae_shop_statue_plus,
          nicolae_shop_just_a_little_nook, kennysheep_boxes
D:7:      layout_cave_pools, minmay_temple_entry_mist, minmay_misc_feat_plants,
          hangedman_minor_gate_pass, uniq_prince_ribbit1

Skill      XL: |  1  2  3  4  5  6  7  8 |
---------------+-------------------------+-----
Armour         | 2 3 4 8 9 |  9.3
Dodging        | 2 |  2.2
Axes           | 3 4 8 10 | 10.4
Fighting       | 4 8 10 | 10.5
Stealth        | |  0.4
Shields        | |  0.1
Evocations     | |  0.2

Action                     |  1- 3 |  4- 6 |  7- 9 | 10-12 || total
---------------------------+-------+-------+-------+-------++-------
  Melee: Hand axe          |    90 |    90 |   130 |    24 ||   334
         Touch             |     7 |    14 |    23 |     5 ||    49
         Punch             |       |     3 |     4 |       ||     7
 Invoke: Berserk           |       |     3 |     1 |     2 ||     6
  Evoke: Wand              |       |     1 |       |       ||     1
    Use: Scroll            |     6 |    10 |     5 |       ||    21
         Potion            |       |       |     3 |     1 ||     4
   Stab: Sleeping          |     1 |       |       |       ||     1
 Armour: Chain mail        |    67 |    66 |    87 |    31 ||   251
         Animal skin       |     2 |       |       |       ||     2
  Dodge: Dodged            |    57 |    29 |    43 |     6 ||   135
  Block: Other             |       |    14 |    16 |     4 ||    34

Table legend: (Time is in decaauts)
 A = Elapsed time spent in this place.
 B = Non-inter-level travel time spent in this place.
 C = Inter-level travel time spent in this place.
 D = Time resting spent in this place.
 E = Time spent auto-exploring this place.
 F = Levels seen in this place.
 G = Mean time per level.
                   A        B        C        D        E       F      G
               +--------+--------+--------+--------+--------+-----+--------+
         Total |   6516 |   5903 |    613 |   1143 |   3312 |   8 |  814.5 |
       Dungeon |   5629 |   5016 |    613 |   1006 |   2957 |   7 |  804.1 |
         Sewer |    886 |    886 |      0 |    137 |    355 |   1 |  886.0 |
               +--------+--------+--------+--------+--------+-----+--------+

Top non-repeatable levels by time:
     D:4: 1936 daAuts
     D:1: 1049 daAuts
     D:5: 945 daAuts
   Sewer: 886 daAuts
     D:2: 760 daAuts
     D:3: 570 daAuts
     D:7: 233 daAuts
     D:6: 132 daAuts
